 Dungeon Crawl Stone Soup version 0.30-a0-389-g8d7d949f56 (webtiles) character file.

Game seed: 11104417461371933149

19394 arthad the Destroyer (level 12, -1/71 HPs)
             Began as a Gargoyle Fire Elementalist on Dec 3, 2022.
             Was an Elder of Vehumet.
             Slain by a large slime creature (30 damage)
             ... on level 14 of the Dungeon.
             The game lasted 01:09:29 (12785 turns).

arthad the Destroyer (Gargoyle Fire Elementalist)  Turns: 12785, Time: 01:09:30

Health: -1/71      AC: 25    Str: 21    XL:     12   Next: 68%
Magic:  3/23       EV: 12    Int: 23    God:    Vehumet [****..]
Gold:   426        SH:  0    Dex: 10    Spells: 0/26 levels left

rFire   . . .      SeeInvis +    E - +1 glaive (drain)
rCold   x . .      Faith    .    (shield currently unavailable)
rNeg    + . .      Spirit   .    F - +0 swamp dragon scales
rPois   ∞          Reflect  .    c - +0 helmet
rElec   +          Harm     .    (no cloak)
rCorr   .          Rampage  .    m - +0 pair of gloves
Will    .....                    j - +0 pair of boots
Stlth   +++.......               (no amulet)
HPRegen 0.31/turn                e - +4 ring of protection
MPRegen 0.18/turn                A - ring "Ariuf" {rElec Str+8 Int+3 Slay-4 SInv}

@: no status effects
A: sickness immunity, AC +8, negative energy resistance 1, electricity
resistance, torment resistance 1, petrification resistance, cold vulnerability 1
a: Renounce Religion


You were on level 14 of the Dungeon.
You worshipped Vehumet.
Vehumet was greatly pleased with you.
You visited 2 branches of the dungeon, and saw 13 of its levels.

You collected 761 gold pieces.
You spent 335 gold pieces at shops.

Inventory:

Hand Weapons
 q - a +0 war axe of freezing
 w - a +2 whip of flaming
 x - a +0 shortbow of flaming
 y - a +3 vorpal falchion
 z - a +1 shortbow of electrocution
 B - a +0 dagger of electrocution
 E - a +1 glaive of draining (weapon)
 J - the +12 mace of Wariness {antimagic, Int+2}
   (You found it on level 8 of the Dungeon)

   It reduces the magical energy of the wielder, and disrupts the spells and
   magical abilities of those it strikes.
   Natural abilities and divine invocations are not affected.
   Int:       It affects your intelligence (+2).
Missiles
 n - 5 throwing nets
 o - 2 curare-tipped darts
 t - 29 poisoned darts
 u - 8 boomerangs
 L - 6 javelins
Armour
 a - a +0 robe
 c - a +0 helmet (worn)
 j - a +0 pair of boots (worn)
 m - a +0 pair of gloves (worn)
 F - +0 swamp dragon scales (worn)
Jewellery
 b - a +4 ring of protection
 e - a +4 ring of protection (left hand)
 i - a +4 ring of protection
 A - the ring "Ariuf" (right hand) {rElec Str+8 Int+3 Slay-4 SInv}
   (You found it on level 6 of the Dungeon)

   [ring of see invisible]

   Str:       It affects your strength (+8).
   Int:       It affects your intelligence (+3).
   Slay:      It affects your accuracy & damage with ranged weapons and melee
   (-4).
   rElec:     It insulates you from electricity.
   SInv:      It lets you see invisible.
 Q - the ring "Sinuroint" {rElec rCorr Str+4 Int-3 Dex+4}
   (You found it on level 10 of the Dungeon)

   [ring of resist corrosion]

   Str:       It affects your strength (+4).
   Int:       It affects your intelligence (-3).
   Dex:       It affects your dexterity (+4).
   rElec:     It insulates you from electricity.
   rCorr:     It protects you from acid and corrosion.
Wands
 I - a wand of flame (17)
 P - a wand of charming (2)
Scrolls
 d - 11 scrolls of identify
 h - a scroll of fear
 k - 4 scrolls of immolation
 s - 2 scrolls of teleportation
 v - 2 scrolls of amnesia
 K - 2 scrolls of magic mapping
 R - a scroll of poison
 S - 3 scrolls of enchant weapon
Potions
 f - 7 potions of curing
 g - 2 potions of lignification
 l - a potion of flight
 p - 2 potions of heal wounds
 r - a potion of brilliance
 C - a potion of invisibility
 D - a potion of mutation
 G - 4 potions of haste
 H - a potion of ambrosia
 M - a potion of might
 N - a potion of attraction
 O - a potion of berserk rage


   Skills:
 + Level 6.4 Fighting
 + Level 4.3 Ranged Weapons
 + Level 6.2 Armour
 + Level 5.1 Dodging
 + Level 7.3 Stealth
 * Level 7.8 Spellcasting
 * Level 9.2 Conjurations
 + Level 2.7 Hexes
 + Level 3.1 Translocations
 * Level 8.9 Fire Magic
 * Level 3.9 Air Magic
 * Level 4.6 Earth Magic


You couldn't memorise any spells.
You knew the following spells:

 Your Spells              Type           Power      Damage    Failure   Level
a - Foxfire               Conj/Fire      100%       2x1d9     1%          1
b - Scorch                Fire           100%       2d10      1%          2
c - Flame Wave            Conj/Fire      50%        2d12      1%          4
d - Inner Flame           Hex/Fire       36%        N/A       1%          3
e - Stone Arrow           Conj/Erth      80%        3d12      1%          3
f - Kindle Blastsparks    Fire/Tloc/Air  66%        2d15      1%          3
g - Vhi's Electric Charg  Tloc/Air       50%        N/A       8%          3
h - Dazzling Flash        Conj/Hex       72%        N/A       1%          3
i - Olgreb's Toxic Radia  Pois           9%         N/A       28%         4

Your spell library contained the following spells:

 Spells                   Type           Power      Damage    Failure   Level
 Sandblast                Erth           60%        2d14      1%          1
 Hailstorm                Conj/Ice       30%        3d8       1%          3
 Freeze                   Ice            36%        1d5       3%          1
 Arcjolt                  Conj/Air       19%        1d29      5%          5
 Passwall                 Tmut/Erth      15%        N/A       6%          2
 Frozen Ramparts          Ice            18%        1d3       9%          3
 Animate Dead             Necr           9%         N/A       73%         4
 Ice Form                 Ice/Tmut       9%         N/A       73%         4
 Borgnjor's Vile Clutch   Necr/Erth      9%         N/A       75%         5
 Death Channel            Necr           4%         N/A       100%        6
 Simulacrum               Ice/Necr       4%         N/A       100%        6
 Ozocubu's Refrigeration  Ice            4%         4d8       100%        7


Dungeon Overview and Level Annotations

Branches:
Dungeon (11/15)            Temple (1/1) D:5             Orc (0/2) D:11
   Lair: D:8-11

Altars:
Ashenzari
Cheibriados
Dithmenos
Elyvilon
Fedhas
Gozag
Hepliaklqana
Kikubaaqudgha
Makhleb
Nemelex Xobeh
Okawaru
Qazlal
Ru
Sif Muna
Trog
Uskayaw
Vehumet
Wu Jian
Xom
Yredelemnul
Zin
The Shining One
Jiyva

Shops:
D:2 !   D:6 !

Annotations:
D:5 1 runed translucent door, tio's ghost, amateur DsNe
D:9 3 runed translucent doors, jimonade's ghost, novice DjFE


Innate Abilities, Weirdness & Mutations

You are immune to sickness and miasma.
Your stone body is resilient. (AC +8)
You are immune to poison.
You resist negative energy. (rN+)
You are resistant to electric shocks. (rElec)
You are resistant to unholy torment.
You are immune to petrification.
You are vulnerable to cold. (rC-)


Message History

The large slime creature closely misses you.
Unknown command.
Unknown command.
Casting: Scorch (safe; 1% risk of failure)
Confirm with . or Enter, or press ? or * to list all spells.
Flames lash the large slime creature.
The large slime creature is burned terribly!
The large slime creature is heavily wounded.
The large slime creature hits you!!
Unknown command.
Casting: Scorch (safe; 1% risk of failure)
Confirm with . or Enter, or press ? or * to list all spells.
You conjure some foxfire!
The large slime creature hits you!!
Unknown command.
The large slime creature attacks as you move away!
The large slime creature closely misses you.
The foxfire hits the large slime creature.
The large slime creature is burned terribly!
The large slime creature is heavily wounded.
The foxfire hits the large slime creature.
The large slime creature is heavily wounded.
The large slime creature attacks as you move away!
The large slime creature barely misses you.
You see here a +0 rapier.
Okay, then.
Okay, then.
Aiming: Throw Flame
Press: ? - help, Shift-Dir - straight line, f - large slime creature
Aim: a large slime creature (heavily wounded, more vulnerable to fire, 93% to hit)
Okay, then.
Casting: Foxfire (safe; 1% risk of failure)
Confirm with . or Enter, or press ? or * to list all spells.
Okay, then.
The large slime creature attacks as you move away!
The large slime creature hits you but does no damage.
The large slime creature attacks as you move away!
The large slime creature barely misses you.
The large slime creature attacks as you move away!
The large slime creature hits you!!
You die...

...............##†#.##........)..
..................#..#......../..
...............##.#.§##....>..~~~
######....####.##..§.........~~≈≈
#.........####......###.~≈≈≈
#...####### ##.##### .~≈≈≈
###...## #.# .~≈≈≈ #......#
########.# #.~≈≈
#.#....###...@....### .~≈ ##
#.##.#......J##.....# .#
#....#.###.#.##...#.#
.###.............#.....
.....####.###.#..#..##.#
#......................#
########..#####.####### ##.#
#.).....# #.# #..####.#


You could see a large slime creature (combustible).

Vanquished Creatures
  A hydra (D:14)
  A centaur warrior (D:14)
  3 two-headed ogres
  A wizard (D:14)
  Pikel (D:6)
  3 deep elf pyromancers (D:14)
  2 cyclopes (D:14)
  2 ugly things
  Psyche (D:9)
  Maggie (D:6)
  2 komodo dragons
  A polar bear (D:10)
  2 trolls
  A slime creature (D:14)
  A wind drake (shapeshifter) (D:11)
  3 wyverns
  25 yaks
  Eustachio (D:6)
  A wraith (D:11)
  A human (D:14)
  Menkaure (D:6)
  13 vampire mosquitoes
  Edmund (D:6)
  3 water moccasins
  An acid dragon (D:11)
  Duvessa (D:6)
  2 black bears (D:6)
  3 orc warriors
  2 sky beasts
  An ice beast (D:7)
  4 centaurs
  2 ogres
  A phantom (D:5)
  3 kobold brigands (D:9)
  Blork the orc (D:6)
  A bullfrog (D:7)
  2 necrophages
  A gnoll sergeant (D:10)
  3 scorpions
  6 wights
  Dowan (D:6)
  8 killer bees
  2 howler monkeys (D:8)
  A jelly (D:7)
  7 orc priests
  A gnoll bouda (D:5)
  5 hounds
  4 iguanas
  12 orc wizards
  Natasha (twice) (D:2)
  13 gnolls
  7 adders
  2 white imps
  3 ufetubi (D:10)
  2 worms
  2 dart slugs (D:1)
  51 orcs
  6 ball pythons
  10 endoplasms
  4 giant cockroaches
  8 goblins
  8 hobgoblins
  21 kobolds
  3 quokkas
  3 bats (D:1)
  3 frilled lizards
  4 rats (D:1)
  A bush (D:6)
300 creatures vanquished.

Vanquished Creatures (others)
  A water moccasin (D:11)
  6 bushes (D:11)
  899 foxfires
  11 fungi
  46 plants
963 creatures vanquished.

Grand Total: 1263 creatures vanquished

Notes
Turn   | Place    | Note
-------+----------+-------------------------------------------
     0 | D:1      | arthad the Gargoyle Fire Elementalist began the quest for
                  | the Orb.
     0 | D:1      | Reached XP level 1. HP: 10/10 MP: 3/3
   120 | D:1      | Reached XP level 2. HP: 13/15 MP: 1/5
   534 | D:1      | Got the Vellum of Icy Conduction
   538 | D:1      | Learned a level 2 spell: Scorch
   544 | D:1      | Reached XP level 3. HP: 20/20 MP: 3/6
  1171 | D:2      | Reached skill level 2 in Conjurations
  1335 | D:2      | Noticed Natasha
  1348 | D:2      | Killed Natasha
  1349 | D:2      | Reached skill level 1 in Fighting
  1349 | D:2      | Reached XP level 4. HP: 11/25 MP: 0/7
  1604 | D:2      | Found Ywunaiph's Distillery.
  1613 | D:2      | Bought a potion of curing for 36 gold pieces
  1817 | D:2      | Noticed Natasha
  1823 | D:2      | Killed Natasha
  1824 | D:2      | Reached skill level 1 in Armour
  1969 | D:3      | Reached XP level 5. HP: 29/29 MP: 1/8
  2684 | D:3      | Reached XP level 6. HP: 32/35 MP: 1/10
  2697 | D:3      | Reached skill level 3 in Conjurations
  3565 | D:4      | Reached XP level 7. HP: 34/40 MP: 0/12
  4007 | D:5      | Entered Level 5 of the Dungeon
  4172 | D:5      | Reached skill level 4 in Conjurations
  4510 | D:5      | Found a runed translucent door.
  4517 | D:5      | Noticed tio's ghost (amateur DsNe)
  4593 | D:5      | Reached XP level 8. HP: 45/45 MP: 8/14
  4630 | D:5      | Reached skill level 5 in Fire Magic
  4801 | D:5      | Found a staircase to the Ecumenical Temple.
  4808 | Temple   | Entered the Ecumenical Temple
  4808 | Temple   | Found a transporter.
  4808 | Temple   | Found a transporter.
  4810 | Temple   | Found a transporter.
  4810 | Temple   | Found a transporter.
  4851 | Temple   | Became a worshipper of Vehumet
  5572 | D:6      | Noticed Eustachio
  5579 | D:6      | Killed Eustachio
  5651 | D:6      | Noticed Blork the orc
  5663 | D:6      | Gained mutation: You are vulnerable to cold. (rC-) [potion
                  | of mutation]
  5670 | D:6      | Killed Blork the orc
  5777 | D:6      | Noticed Menkaure
  5783 | D:6      | Reached skill level 5 in Conjurations
  5785 | D:6      | Killed Menkaure
  5789 | D:6      | Noticed Pikel
  5884 | D:6      | Killed Pikel
  5885 | D:6      | Reached skill level 5 in Spellcasting
  5885 | D:6      | Reached XP level 9. HP: 52/52 MP: 5/16
  6101 | D:6      | Reached * piety under Vehumet
  6101 | D:6      | Offered knowledge of Shock by Vehumet.
  6148 | D:6      | Noticed Maggie
  6152 | D:6      | Reached skill level 5 in Stealth
  6153 | D:6      | Noticed Edmund
  6170 | D:6      | Killed Maggie
  6171 | D:6      | Reached skill level 6 in Conjurations
  6191 | D:6      | Identified the ring "Ariuf" {rElec Str+8 Int+3 Slay-4 SInv}
  6306 | D:6      | Noticed Duvessa
  6306 | D:6      | Noticed Dowan
  6413 | D:6      | Killed Duvessa
  6414 | D:6      | Reached skill level 1 in Ranged Weapons
  6417 | D:6      | Killed Dowan
  6604 | D:6      | Killed Edmund
  6626 | D:6      | Learned a level 4 spell: Flame Wave
  6630 | D:6      | Learned a level 3 spell: Inner Flame
  6702 | D:6      | Found a shimmering altar of Xom.
  6713 | D:6      | Found Bevuaf's Distillery.
  6735 | D:6      | Bought a potion of haste for 130 gold pieces
  6735 | D:6      | Bought 2 potions of heal wounds for 130 gold pieces
  6735 | D:6      | Bought a potion of curing for 39 gold pieces
  7243 | D:7      | Reached XP level 10. HP: 57/58 MP: 15/18
  7374 | D:7      | Reached ** piety under Vehumet
  7519 | D:7      | Offered knowledge of Poisonous Vapours by Vehumet.
  8100 | D:8      | Identified the +12 mace of Wariness {antimagic, Int+2}
  8183 | D:8      | Reached skill level 7 in Conjurations
  8209 | D:8      | Learned a level 3 spell: Stone Arrow
  8213 | D:8      | Learned a level 3 spell: Kindle Blastsparks
  8217 | D:8      | Learned a level 3 spell: Vhi's Electric Charge
  8324 | D:8      | Noticed a two-headed ogre
  8332 | D:8      | Killed a two-headed ogre
  8333 | D:8      | Reached skill level 5 in Fighting
  8333 | D:8      | Reached skill level 5 in Armour
  8333 | D:8      | Reached skill level 1 in Earth Magic
  8864 | D:8      | Offered knowledge of Dazzling Flash by Vehumet.
  9053 | D:9      | Found a runed translucent gate.
  9055 | D:9      | Found a runed translucent gate.
  9056 | D:9      | Found a runed translucent gate.
  9070 | D:9      | Learned a level 3 spell: Dazzling Flash
  9126 | D:9      | Reached skill level 1 in Translocations
  9127 | D:9      | Reached *** piety under Vehumet
  9130 | D:9      | Reached skill level 1 in Air Magic
  9132 | D:9      | Reached XP level 11. HP: 54/64 MP: 6/21
  9247 | D:9      | Noticed jimonade's ghost (novice DjFE)
  9449 | D:9      | Reached skill level 1 in Hexes
  9501 | D:9      | Noticed a two-headed ogre
  9509 | D:9      | Killed a two-headed ogre
  9509 | D:9      | Offered knowledge of Airstrike by Vehumet.
  9530 | D:9      | Noticed Psyche
  9538 | D:9      | Killed Psyche
  9681 | D:9      | Found a viscous altar of Jiyva.
  9696 | D:10     | Entered Level 10 of the Dungeon
  9708 | D:10     | Reached skill level 8 in Conjurations
 10172 | D:10     | Found a shadowy altar of Dithmenos.
 10172 | D:10     | Found a stormy altar of Qazlal.
 10255 | D:10     | Reached **** piety under Vehumet
 10257 | D:10     | Noticed a red ugly thing
 10272 | D:10     | Killed a red ugly thing
 10842 | D:10     | Identified the ring "Sinuroint" {rElec rCorr Str+4 Int-3
                  | Dex+4}
 11169 | D:11     | Offered knowledge of Olgreb's Toxic Radiance by Vehumet.
 11371 | D:11     | Noticed a two-headed ogre
 11378 | D:11     | Killed a two-headed ogre
 11463 | D:11     | Noticed a green ugly thing
 11467 | D:11     | Noticed a manticore
 11490 | D:11     | Reached XP level 12. HP: 55/69 MP: 3/23
 11704 | D:11     | Reached skill level 5 in Dodging
 11918 | D:11     | Found a staircase to the Orcish Mines.
 12001 | D:11     | You fall into a shaft and drop 3 floors!
 12009 | D:14     | Learned a level 4 spell: Olgreb's Toxic Radiance
 12009 | D:14     | Noticed a five-headed hydra
 12020 | D:14     | Killed a five-headed hydra
 12094 | D:14     | Reached skill level 9 in Conjurations
 12296 | D:14     | Noticed a centaur warrior
 12390 | D:14     | Noticed a vault guard
 12469 | D:14     | Killed a centaur warrior
 12564 | D:14     | Noticed a vault guard
 12785 | D:14     | Slain by a large slime creature

Illustrated notes

Levels and vault maps discovered:
D:1:      moated_graveyard_arrival, layout_basic, chequers_arboretum,
          minmay_tetromino_s4
D:2:      layout_rooms, serial_shops, shop, grunt_decor_resistance, uniq_natasha
D:3:      layout_basic, nicolae_grassy_gnolls
D:4:      layout_cave_pods
D:5:      layout_basic, minmay_temple_entry_ruins, ebering_ghost_sewer_d,
          grunt_decor_mini_mirrors, st_stairs_1, dreamdust_mushroom_princess
D:6:      layout_basic, lemuel_doored_altar, serial_shops, shop_statue,
          grunt_ministairs_1, kb_lookout_dungeons_type, uniq_edmund,
          uniq_duvessa, uniq_pikel, uniq_blork_the_orc, uniq_menkaure,
          uniq_maggie, uniq_eustachio
D:7:      layout_gridville, enter_bailey_4
D:8:      layout_loops_ring
D:9:      layout_rooms, gammafunk_ghost_ooze, uniq_psyche
D:10:     layout_roguey, gammafunk_temple_overflow_elements, serial_ice,
          serial_ice_b, serial_ice_f, serial_ice_g, serial_ice_h,
          minmay_stone_trees_large, minivault_5
D:11:     layout_long_grid, minmay_lair_entry_grove,
          minmay_orc_entry_temple_small, kennysheep_generic_room_4
D:14:     layout_loops_cross, grunt_vaults_entry_fortified, serial_bayou_pond_c,
          nzn_wu_jian_contemplation
Temple:   hellmonk_temple_divided_pantheon

Skill      XL: |  1  2  3  4  5  6  7  8  9 10 11 12 |
---------------+-------------------------------------+-----
Conjurations   | 2 3 4 5 6 7 8 9 |  9.2
Fighting       | 1 2 3 4 5 6 |  6.4
Armour         | 1 2 3 4 5 6 |  6.2
Dodging        | 2 3 4 5 |  5.1
Stealth        | 3 4 5 6 7 |  7.3
Spellcasting   | 3 4 5 6 7 |  7.8
Fire Magic     | 4 6 7 8 |  8.9
Ranged Weapons | 1 3 4 |  4.3
Earth Magic    | 1 3 4 |  4.6
Translocations | 1 2 3 |  3.1
Air Magic      | 1 2 3 |  3.9
Hexes          | 2 |  2.7

Action                   |  1- 3 |  4- 6 |  7- 9 | 10-12 || total
-------------------------+-------+-------+-------+-------++-------
Melee: Unarmed           |    33 |    55 |    73 |       ||   161
       Punch             |     1 |     1 |     2 |       ||     4
       Falchion          |       |       |    73 |       ||    73
       Whip              |       |       |    20 |       ||    20
       Glaive            |       |       |       |    56 ||    56
       Shortbow          |       |       |       |     1 ||     1
 Fire: Shortbow          |       |       |    18 |   128 ||   146
Throw: Dart              |       |       |     3 |       ||     3
 Cast: Foxfire           |    46 |    63 |   129 |   272 ||   510
       Scorch            |     2 |    17 |    55 |    89 ||   163
       Flame Wave        |       |       |       |     8 ||     8
       Kindle Blastspark |       |       |       |    13 ||    13
       Stone Arrow       |       |       |       |    20 ||    20
       Vhi's Electric Ch |       |       |       |     2 ||     2
       Inner Flame       |       |       |       |     1 ||     1
       Dazzling Flash    |       |       |       |     1 ||     1
  Use: Potion            |       |       |     7 |     1 ||     8
       Scroll            |       |       |    12 |     8 ||    20
 Stab: Distracted        |       |       |       |     1 ||     1
Armor: Robe              |    19 |    50 |    61 |       ||   130
       Skin              |       |       |    39 |       ||    39
       Swamp dragon scal |       |       |     9 |   281 ||   290
Dodge: Dodged            |    37 |    36 |   106 |   286 ||   465

Table legend: (Time is in decaauts)
 A = Elapsed time spent in this place.
 B = Non-inter-level travel time spent in this place.
 C = Inter-level travel time spent in this place.
 D = Time resting spent in this place.
 E = Time spent auto-exploring this place.
 F = Levels seen in this place.
 G = Mean time per level.
                   A        B        C        D        E       F      G
               +--------+--------+--------+--------+--------+-----+--------+
         Total |  12926 |  12656 |    270 |   1967 |   7808 |  13 |  994.3 |
       Dungeon |  12868 |  12598 |    270 |   1967 |   7802 |  12 | 1072.3 |
        Temple |     57 |     57 |      0 |      0 |      6 |   1 |   57.0 |
               +--------+--------+--------+--------+--------+-----+--------+

Top non-repeatable levels by time:
     D:5: 1507 daAuts
     D:6: 1393 daAuts
    D:10: 1355 daAuts
     D:7: 1158 daAuts
     D:1: 1043 daAuts
     D:3: 1014 daAuts
     D:4: 1001 daAuts
    D:11: 974 daAuts
     D:2: 953 daAuts
     D:8: 941 daAuts
    D:14: 786 daAuts
     D:9: 739 daAuts
  Temple: 57 daAuts
